 Dungeon Crawl Stone Soup version 0.21.1-1-g345015f (webtiles) character file.

16580 homeworkjunkie the Severer (level 12, -4/106 HPs)
             Began as a Hill Orc Fighter on Mar 26, 2018.
             Was a High Priest of Okawaru.
             Killed by Ozocubu's Refrigeration
             ... invoked by Fannar
              (22 damage)
             ... on level 1 of the Orcish Mines.
             The game lasted 00:31:26 (13617 turns).

homeworkjunkie the Severer (Hill Orc Fighter)      Turns: 13617, Time: 00:31:29

Health: -4/106     AC: 23    Str: 23    XL:     12   Next: 39%
Magic:  16/16      EV: 11    Int:  8    God:    Okawaru [*****.]
Gold:   1084       SH: 13    Dex: 11    Spells: 11/11 levels left

rFire    . . .     SeeInvis .   a - +3 war axe
rCold    . . .     Gourm    .   v - +1 shield {AC+3}
rNeg     . . .     Faith    .   B - +3 ring mail {rPois}
rPois    +         Spirit   .   y - +2 helmet
rElec    .         Reflect  .   k - +0 cloak
rCorr    .         Harm     .   l - +2 pair of gloves
MR       .....                  (no boots)
Stlth    +.........             (no amulet)
HPRegen  0.27/turn              z - +1 ring of evasion
MPRegen  0.15/turn              E - +2 ring of protection

@: no status effects
A: no striking features
a: Heroism, Finesse, Renounce Religion


You were on level 1 of the Orcish Mines.
You worshipped Okawaru.
Okawaru was extremely pleased with you.
You were not hungry.

You visited 3 branches of the dungeon, and saw 16 of its levels.
You also visited: Labyrinth, Sewer and Ossuary.

You collected 1084 gold pieces.

Inventory:

Hand Weapons
 a - a +3 war axe (weapon)
 n - a +0 scimitar of flaming
Armour
 c - a +0 shield
 e - a +8 chain mail
 k - a +0 cloak (worn)
 l - a +2 pair of gloves (worn)
 v - a +1 shield of protection (worn)
 y - a +2 helmet (worn)
 B - a +3 ring mail of poison resistance (worn)
Jewellery
 r - an uncursed ring of wizardry
 z - a +1 ring of evasion (left hand)
 E - a +2 ring of protection (right hand)
Wands
 i - a wand of flame (42)
 m - a wand of enslavement (17)
 C - a wand of polymorph (21)
 D - a wand of digging (11)
Scrolls
 b - 5 scrolls of fog
 q - 4 scrolls of remove curse
 s - a scroll of identify
 t - 3 scrolls of blinking
 u - 4 scrolls of immolation
 x - 3 scrolls of fear
 A - a scroll of teleportation
Potions
 d - a potion of magic
 g - 2 potions of curing
 h - a potion of cancellation
 j - a potion of agility {unknown}
 o - 4 potions of brilliance
 p - 2 potions of haste
 w - 4 potions of flight
 F - a potion of mutation {unknown}
Comestibles
 f - 4 rations


   Skills:
 * Level 9.8 Fighting
 * Level 15.3 Axes
 * Level 9.8 Armour
 + Level 1.9 Dodging
 + Level 0.7 Stealth
 * Level 9.9 Shields
 * Level 6.1 Evocations


You had 11 spell levels left.
You didn't know any spells.

Dungeon Overview and Level Annotations

Branches:
Dungeon (13/15)            Temple (1/1) D:5            Lair (0/6) D:9
    Orc (2/2) D:11            Elf (0/3) Orc:2
 Vaults: D:13-14

Altars:
Ashenzari
Cheibriados
Dithmenos
Elyvilon
Gozag
Makhleb
Nemelex Xobeh
Okawaru
Qazlal
Ru
Sif Muna
Trog
Vehumet
Wu Jian
Yredelemnul
Zin
The Shining One
Beogh

Shops:
D:12 }

Annotations:
Orc:1 Fannar


Message History

Fannar freezes you. The ogre hits you with a giant club!
* * * LOW HITPOINT WARNING * * *
You barely miss the ogre.
The ogre is almost dead.
You hit the ice beast but do no damage. You closely miss Fannar.
The ice beast barely misses you. You block Fannar's attack.
You hit the ogre.
The ogre is almost dead.
You closely miss Fannar. You hit the ice beast but do no damage.
The ogre hits you with a giant club!
* * * LOW HITPOINT WARNING * * *
The ice beast hits you but does no damage.
You hit the ogre.
You kill the ogre!
Okawaru accepts your kill.
You slash Fannar! You hit the ice beast.
Fannar mumbles some strange words.
Fannar drains the heat from the surrounding environment!
You feel very cold.
You die...

...... ............(
......... #...........
......... ##.......)(..
........$###........)#..
..........##............
..$#......).............
........#))#............
.......##...............
......e@...##.$.........
......)Y#..##...#.......
............#.......#...
.....##....#....#.....>.
.#...#.....#............
.... ...#...............
.## #.#................
## ..............


You could see Fannar and an ice beast.

Vanquished Creatures
  Azrael (D:12)
  A minotaur (Lab)
  Erolcha (D:10)
  A hydra (D:12)
  Urug (Orc:1)
  A sixfirhy (D:7)
  Pikel (D:8)
  3 ugly things
  3 trolls
  Prince Ribbit (D:8)
  2 hippogriffs
  Sigmund (D:5)
  5 yaks (D:11)
  2 shadows
  A wyvern (D:9)
  2 fire elementals (D:12)
  3 hungry ghosts
  A warg (Orc:1)
  3 hell hounds (D:12)
  Purgy (Sewer)
  17 orc warriors
  3 ice beasts
  2 slaves (D:8)
  5 sky beasts
  A black bear (D:7)
  7 ogres
  A necrophage (D:9)
  3 centaurs
  3 big kobolds (D:11)
  A crocodile (D:8)
  8 bullfrogs
  The ghost of Mirai the Magician, an amateur DECj (D:3)
  A wyvern zombie (D:12)
  2 gnoll sergeants (D:11)
  A water moccasin zombie (D:10)
  A water moccasin skeleton (D:8)
  3 killer bees (D:10)
  3 wights (D:11)
  2 howler monkeys
  3 crimson imps
  A quasit (D:10)
  4 hounds
  2 jellies
  Crazy Yiuf (D:3)
  8 orc priests
  21 orc wizards
  7 iguanas
  5 worker ants
  A hound skeleton (D:5)
  8 mummies (Ossuary)
  12 adders
  5 gnolls
  An ooze (D:2)
  A worm (D:3)
  13 leopard geckos
  71 orcs
  6 giant cockroaches
  6 goblins
  11 hobgoblins
  4 jackals
  6 kobolds
  5 quokkas
  3 ball pythons
  4 bats
  11 frilled lizards
  A gnoll zombie (Ossuary)
  5 hobgoblin zombies (Ossuary)
  A jackal skeleton (D:5)
  2 kobold zombies (Ossuary)
  A quokka skeleton (D:4)
  6 rats
  3 fungi (D:3)
339 creatures vanquished.

Vanquished Creatures (collateral kills)
  A cyclops (D:12)
  An orc warrior (D:12)
  A gnoll (D:11)
  An orc (D:12)
4 creatures vanquished.

Vanquished Creatures (others)
  A troll (D:11)
  An orc warrior (D:11)
  A slave (D:8)
  A big kobold (D:11)
  A gnoll sergeant (D:11)
  2 orcs
7 creatures vanquished.

Grand Total: 350 creatures vanquished

Notes
Turn   | Place    | Note
-------+----------+-------------------------------------------
     0 | D:1      | homeworkjunkie the Hill Orc Fighter began the quest for the Orb.
     0 | D:1      | Reached XP level 1. HP: 19/19 MP: 1/1
    74 | D:1      | Reached XP level 2. HP: 20/27 MP: 2/2
   210 | D:2      | Reached skill level 3 in Axes
   328 | D:3      | Reached XP level 3. HP: 23/33 MP: 3/3
   407 | D:3      | Noticed Mirai's ghost (amateur DECj)
   412 | D:3      | Reached XP level 4. HP: 28/40 MP: 4/4
   521 | D:3      | Killed Mirai's ghost
   521 | D:3      | Reached skill level 4 in Axes
   521 | D:3      | Reached XP level 5. HP: 13/46 MP: 5/5
  1062 | D:4      | Found a white marble altar of Elyvilon.
  1137 | D:4      | Found a sand-covered staircase.
  1146 | Ossuary  | Entered an ossuary
  1237 | Ossuary  | Reached skill level 5 in Axes
  1434 | Ossuary  | Reached XP level 6. HP: 52/53 MP: 6/6
  1627 | D:3      | Reached skill level 6 in Axes
  2158 | D:3      | Found a runed door.
  2162 | D:3      | Noticed Crazy Yiuf
  2167 | D:3      | Killed Crazy Yiuf
  2624 | D:2      | Reached skill level 5 in Shields
  2624 | D:2      | Reached XP level 7. HP: 60/60 MP: 7/7
  2639 | D:2      | Reached skill level 5 in Fighting
  3710 | D:5      | Entered Level 5 of the Dungeon
  3947 | D:4      | Found a bloodstained altar of Trog.
  4035 | D:4      | Found a stormy altar of Qazlal.
  4114 | D:5      | Found a sacrificial altar of Ru.
  4144 | D:5      | Reached skill level 7 in Axes
  4220 | D:5      | Noticed Sigmund
  4230 | D:5      | Killed Sigmund
  4230 | D:5      | Reached skill level 5 in Armour
  4230 | D:5      | Reached skill level 1 in Evocations
  4342 | D:6      | Reached XP level 8. HP: 68/68 MP: 8/8
  4388 | D:6      | Reached skill level 8 in Axes
  4542 | D:6      | Found a glowing drain.
  4566 | Sewer    | Entered a sewer
  4589 | Sewer    | Noticed Purgy
  4600 | Sewer    | Killed Purgy
  4793 | D:5      | Found a glowing golden altar of the Shining One.
  5534 | D:5      | Found a staircase to the Ecumenical Temple.
  5542 | Temple   | Entered the Ecumenical Temple
  5550 | Temple   | Became a worshipper of Warmaster Okawaru
  5615 | D:5      | Found a basalt altar of Yredelemnul.
  5748 | D:5      | Noticed an angel
  5862 | D:7      | Reached skill level 9 in Axes
  6035 | D:7      | Reached XP level 9. HP: 52/75 MP: 10/10
  6142 | D:7      | Found a runed door.
  6148 | D:7      | Noticed a sixfirhy
  6227 | D:7      | Killed a sixfirhy
  6227 | D:7      | Reached * piety under Okawaru
  6227 | D:7      | Reached skill level 10 in Axes
  6624 | D:7      | Found an ornate altar of the Wu Jian Council.
  6624 | D:7      | Found a burning altar of Makhleb.
  6754 | D:8      | Noticed Prince Ribbit
  6763 | D:8      | Killed Prince Ribbit
  6787 | D:8      | Reached skill level 11 in Axes
  6936 | D:8      | Found a radiant altar of Vehumet.
  7088 | D:8      | Noticed Pikel
  7134 | D:8      | Killed Pikel
  7134 | D:8      | Reached ** piety under Okawaru
  7134 | D:8      | Reached XP level 10. HP: 50/86 MP: 12/12
  7616 | D:8      | You fall through a shaft for 2 floors!
  7616 | D:10     | Entered Level 10 of the Dungeon
  7632 | D:10     | Reached skill level 1 in Dodging
  7830 | D:10     | Reached skill level 12 in Axes
  7835 | D:10     | Noticed Erolcha
  8351 | D:9      | Found a staircase to the Lair.
  8591 | D:9      | Reached *** piety under Okawaru
  8803 | D:9      | Found a sparkling altar of Nemelex Xobeh.
  9292 | D:10     | Killed Erolcha
  9292 | D:10     | Reached **** piety under Okawaru
  9292 | D:10     | Reached skill level 13 in Axes
  9408 | D:10     | Reached XP level 11. HP: 66/94 MP: 14/14
  9498 | D:10     | Found a roughly hewn altar of Beogh.
 10061 | D:11     | Noticed a brown ugly thing
 10083 | D:11     | Killed a brown ugly thing
 10083 | D:11     | Reached skill level 5 in Evocations
 10325 | D:12     | Noticed a cyclops
 10325 | D:12     | Noticed a five-headed hydra
 10329 | D:12     | Reached ***** piety under Okawaru
 10333 | D:12     | Killed a cyclops
 10394 | D:12     | Killed a five-headed hydra
 10394 | D:12     | Reached skill level 14 in Axes
 10470 | D:12     | Noticed a green ugly thing
 10484 | D:12     | Killed a green ugly thing
 10485 | D:12     | Received a gift from Okawaru
 10537 | D:12     | Found a labyrinth entrance.
 10551 | Lab      | Entered a labyrinth
 11186 | Lab      | Noticed a minotaur
 11204 | Lab      | Killed a minotaur
 11568 | D:12     | Found Ficullol's Gadget Shoppe.
 11654 | D:12     | Noticed Azrael
 11687 | D:12     | Killed Azrael
 11952 | D:13     | Noticed a manticore
 12078 | D:11     | Reached XP level 12. HP: 88/104 MP: 16/16
 12419 | D:11     | Reached skill level 15 in Axes
 12744 | D:11     | Found a staircase to the Orcish Mines.
 13055 | Orc:1    | Entered Level 1 of the Orcish Mines
 13094 | Orc:1    | Noticed Urug
 13111 | Orc:1    | Killed Urug
 13521 | Orc:2    | Entered Level 2 of the Orcish Mines
 13521 | Orc:2    | Found a staircase to the Elven Halls.
 13598 | Orc:1    | Noticed Fannar
 13617 | Orc:1    | Killed from afar by Fannar

Skill      XL: |  1  2  3  4  5  6  7  8  9 10 11 12 |
---------------+-------------------------------------+-----
Axes           | 3 4 5 6 7 9 11 13 14 15 | 15.3
Fighting       | 4 5 7 8 9 |  9.8
Shields        | 4 5 6 7 8 9 |  9.9
Armour         | 4 5 6 7 8 9 |  9.8
Evocations     | 1 2 3 4 5 6 |  6.1
Dodging        | 1 |  1.9
Stealth        | |  0.7

Action                   |  1- 3 |  4- 6 |  7- 9 | 10-12 || total
-------------------------+-------+-------+-------+-------++-------
Melee: War axe           |    61 |   223 |   368 |   633 ||  1285
Evoke: Wand              |       |       |     4 |    28 ||    32
  Use: Scroll            |     3 |    12 |     6 |    10 ||    31
       Potion            |       |     2 |     6 |    13 ||    21
 Stab: Distracted        |       |       |       |     1 ||     1
  Eat: Ration            |       |     2 |     8 |     6 ||    16
Armor: Chain mail        |    43 |    96 |   234 |   241 ||   614
       Scale mail        |     4 |       |       |       ||     4
       Ring mail         |       |       |       |    65 ||    65
Dodge: Dodged            |    15 |    38 |    77 |   160 ||   290
Block: Shield            |    49 |    92 |   198 |   346 ||   685
